PCL
GRESHAM GOLD SOULS @ TEXARKANA BEARS
09/20/2030
 
TOP OF THE 1ST
Gresham Gold Souls batting - Pitching for Texarkana Bears : RHP Joe Utter
Pitching: RHP Joe Utter
Batting: LHB Jeff Douglas 0-0: Called Strike
0-1: Ball
1-1: Swinging Strike
1-2: Ball
2-2: Foul Ball, location: 2F
2-2: Ball
3-2: SINGLE (Line Drive, 4M)
Batting: RHB Norm Francis 0-0: Ball
1-0: Called Strike
1-1: Ground out 5-3 (Groundball, 56S)
Jeff Douglas to second
Batting: LHB Juan Salas 0-0: Called Strike
0-1: Ball
1-1: Fly out, F9 (Flyball, 9)
Batting: LHB Millard Dye 0-0: Foul Ball, location: 2F
0-1: Ball
1-1: Swinging Strike
1-2: Ball
2-2: Ball
3-2: Strikes out swinging
Top of the 1st over - 0 runs, 1 hit, 0 errors, 1 left on base; Gresham 0 - Texarkana 0
BOTTOM OF THE 1ST
Texarkana Bears batting - Pitching for Gresham Gold Souls : RHP Mike Moyer
Pitching: RHP Mike Moyer
Batting: LHB Sam Barnes 0-0: Fly out, F8 (Flyball, 8LS)
Batting: RHB Roger Rush 0-0: Ball
1-0: Ball
2-0: Ball
3-0: Base on Balls
Batting: LHB Alberto Medine 0-0: Called Strike
0-1: SINGLE (Groundball, 4MD)
Roger Rush to second
Batting: RHB Eric Green 0-0: Ball
1-0: Ball
Wild Pitch!
Roger Rush to third
Alberto Medine to second
2-0: Foul Ball, location: 2F
2-1: Ground out U3 (Groundball, 3S)
Batting: LHB Tom Mullins 0-0: Ball
1-0: SINGLE (Groundball, 6MD)
Roger Rush scores
Alberto Medine to third
Runner from 3rd tries for Home, SAFE, no throw
Batting: RHB Darwin Crane 0-0: Ball
1-0: Ground out 5-3 (Groundball, 56S)
Bottom of the 1st over - 2 runs, 2 hits, 0 errors, 1 left on base; Gresham 0 - Texarkana 2
TOP OF THE 2ND
Gresham Gold Souls batting - Pitching for Texarkana Bears : RHP Joe Utter
Batting: RHB Jesús Gutiérrez 0-0: SINGLE (Groundball, 56D)
Batting: LHB Hamilton Hughes 0-0: Called Strike
0-1: Fly out, F7 (Flyball, 7LM)
Batting: RHB Jim Villiers 0-0: Ball
1-0: Fly out, F7 (Flyball, 7D)
Batting: RHB Alberto Chávez 0-0: Called Strike
0-1: Swinging Strike
0-2: Strikes out swinging
Top of the 2nd over - 0 runs, 1 hit, 0 errors, 1 left on base; Gresham 0 - Texarkana 2
BOTTOM OF THE 2ND
Texarkana Bears batting - Pitching for Gresham Gold Souls : RHP Mike Moyer
Batting: RHB Steve Garneys 0-0: Ball
1-0: SINGLE (Groundball, 6MD)
Batting: RHB Michael Thomas 0-0: Called Strike
0-1: DOUBLE (Groundball, 5L)
Steve Garneys to third
Batting: RHB Jaime Delgado 0-0: Called Strike
0-1: Called Strike
0-2: Reached on error, E4 (Groundball, 4)
Steve Garneys scores
Michael Thomas to third
Batting: LHB Sam Barnes 0-0: Called Strike
0-1: Fielders Choice at 2nd, 3-6 (Groundball, 34)
Michael Thomas scores
Batting: RHB Roger Rush 0-0: Called Strike
0-1: Foul Ball, location: 2F
0-2: Grounds into double play, 1-6-3 (Groundball, P)
Bottom of the 2nd over - 2 runs, 2 hits, 1 error, 0 left on base; Gresham 0 - Texarkana 4
TOP OF THE 3RD
Gresham Gold Souls batting - Pitching for Texarkana Bears : RHP Joe Utter
Batting: SHB Caleb Hart 0-0: Ball
1-0: Swinging Strike
1-1: Foul Ball, location: 2F
1-2: Strikes out looking
Batting: LHB Jeff Douglas 0-0: Swinging Strike
0-1: Ball
1-1: Swinging Strike
1-2: Fly out, F8 (Flyball, 8RD)
Batting: RHB Norm Francis 0-0: Foul Ball, location: 2F
0-1: Ball
1-1: Ball
2-1: Called Strike
2-2: Ground out 6-3 (Groundball, 6)
Top of the 3rd over - 0 runs, 0 hits, 0 errors, 0 left on base; Gresham 0 - Texarkana 4
BOTTOM OF THE 3RD
Texarkana Bears batting - Pitching for Gresham Gold Souls : RHP Mike Moyer
Batting: LHB Alberto Medine 0-0: Ball
1-0: SINGLE (Groundball, 13S) (infield hit)
Batting: RHB Eric Green 0-0: Called Strike
0-1: Ball
1-1: Ball
2-1: Ball
3-1: Base on Balls
Alberto Medine to second
Batting: LHB Tom Mullins 0-0: Ball
1-0: Swinging Strike
1-1: Foul Ball, location: 2F
1-2: Ball
2-2: Ball
3-2: Strikes out swinging
Batting: RHB Darwin Crane 0-0: Grounds into double play, 6-4-3 (Groundball, 6)
Bottom of the 3rd over - 0 runs, 1 hit, 0 errors, 1 left on base; Gresham 0 - Texarkana 4
TOP OF THE 4TH
Gresham Gold Souls batting - Pitching for Texarkana Bears : RHP Joe Utter
Batting: LHB Juan Salas 0-0: Called Strike
0-1: Swinging Strike
0-2: Ball
1-2: Strikes out swinging, 2-3 out at first.
Batting: LHB Millard Dye 0-0: Ball
1-0: Fly out, F1 (Line Drive, 13)
Batting: RHB Jesús Gutiérrez 0-0: Foul Ball, location: 2F
0-1: Ball
1-1: Ball
2-1: Called Strike
2-2: Ball
3-2: Base on Balls
Batting: LHB Hamilton Hughes 0-0: Ball
Jesús Gutiérrez is caught stealing 2nd base
Top of the 4th over - 0 runs, 0 hits, 0 errors, 0 left on base; Gresham 0 - Texarkana 4
BOTTOM OF THE 4TH
Texarkana Bears batting - Pitching for Gresham Gold Souls : RHP Mike Moyer
Batting: RHB Steve Garneys 0-0: Ball
1-0: Ground out 6-3 (Groundball, 6)
Batting: RHB Michael Thomas 0-0: Ground out 4-3 (Groundball, 4)
Batting: RHB Jaime Delgado 0-0: Foul Ball, location: 2F
0-1: Called Strike
0-2: SINGLE (Groundball, 4MD)
Batting: LHB Sam Barnes 0-0: Ball
1-0: Called Strike
1-1: Fly out, F6 (Popup, 6MD)
Bottom of the 4th over - 0 runs, 1 hit, 0 errors, 1 left on base; Gresham 0 - Texarkana 4
TOP OF THE 5TH
Gresham Gold Souls batting - Pitching for Texarkana Bears : RHP Joe Utter
Batting: LHB Hamilton Hughes 0-0: SINGLE (Groundball, 4MD)
Batting: RHB Jim Villiers 0-0: Ball
1-0: Foul Ball, location: 2F
1-1: Ball
2-1: Ball
3-1: Base on Balls
Hamilton Hughes to second
Batting: RHB Alberto Chávez 0-0: Ball
Wild Pitch!
Hamilton Hughes to third
Jim Villiers to second
1-0: Foul Ball, location: 2F
1-1: Foul Ball, location: 2F
1-2: Ball
2-2: Ball
3-2: 3-RUN HOME RUN (Flyball, 7LD), Distance : 395 ft
Batting: SHB Caleb Hart 0-0: Fly out, F7 (Flyball, 7D)
Batting: LHB Jeff Douglas 0-0: Called Strike
0-1: Ball
1-1: Called Strike
1-2: Strikes out swinging
Batting: RHB Norm Francis 0-0: Ball
1-0: Ball
2-0: Foul Ball, location: 2F
2-1: Ball
3-1: Base on Balls
Batting: LHB Juan Salas 0-0: Ball
1-0: Fly out, F7 (Flyball, 7D)
Top of the 5th over - 3 runs, 2 hits, 0 errors, 1 left on base; Gresham 3 - Texarkana 4
BOTTOM OF THE 5TH
Texarkana Bears batting - Pitching for Gresham Gold Souls : RHP Mike Moyer
Batting: RHB Roger Rush 0-0: Foul Ball, location: 2F
0-1: Ground out U3 (Groundball, 3)
Batting: LHB Alberto Medine 0-0: DOUBLE (Line Drive, 78M)
Batting: RHB Eric Green 0-0: Ball
1-0: Fly out, F3 (Popup, 23F)
Batting: LHB Tom Mullins 0-0: Called Strike
0-1: Fly out, F6 (Popup, 6MD)
Bottom of the 5th over - 0 runs, 1 hit, 0 errors, 1 left on base; Gresham 3 - Texarkana 4
TOP OF THE 6TH
Gresham Gold Souls batting - Pitching for Texarkana Bears : RHP Joe Utter
Batting: LHB Millard Dye 0-0: Foul Ball, location: 2F
0-1: Foul Ball, location: 2F
0-2: Ball
1-2: Foul Ball, location: 2F
1-2: Strikes out swinging
Batting: RHB Jesús Gutiérrez 0-0: Ball
1-0: Ball
2-0: Called Strike
2-1: Foul Ball, location: 2F
2-2: Ball
3-2: Foul Ball, location: 2F
3-2: Base on Balls
Batting: LHB Hamilton Hughes 0-0: Ball
1-0: Called Strike
1-1: Ball
2-1: Foul Ball, location: 2F
2-2: SINGLE (Flyball, 34D)
Jesús Gutiérrez to second
Runner from 2nd tries for 3rd, SAFE, throw made to third
Batting: RHB Jim Villiers 0-0: Ball
1-0: Ball
2-0: Foul Ball, location: 2F
2-1: Ball
3-1: Base on Balls
Hamilton Hughes to second
Pitching: RHP Jesús Ortíz
Batting: RHB Alberto Chávez 0-0: Ball
1-0: Fly out, F4 (Popup, 4)
Batting: SHB Caleb Hart 0-0: Swinging Strike
0-1: Foul Ball, location: 2F
0-2: Strikes out swinging
Top of the 6th over - 0 runs, 1 hit, 0 errors, 3 left on base; Gresham 3 - Texarkana 4
BOTTOM OF THE 6TH
Texarkana Bears batting - Pitching for Gresham Gold Souls : RHP Mike Moyer
Pitching: RHP Bartolo Rivera
Batting: RHB Darwin Crane 0-0: Ball
1-0: Ball
2-0: Ball
3-0: Called Strike
3-1: Base on Balls
Batting: RHB Steve Garneys 0-0: Ball
1-0: Ball
2-0: Ball
3-0: Base on Balls
Darwin Crane to second
Batting: RHB Michael Thomas 0-0: Ball
1-0: Ball
2-0: Grounds into double play, 1-6-3 (Groundball, 13)
Darwin Crane to third
Batting: RHB Jaime Delgado 0-0: Ground out 4-3 (Groundball, 4)
Bottom of the 6th over - 0 runs, 0 hits, 0 errors, 1 left on base; Gresham 3 - Texarkana 4
TOP OF THE 7TH
Gresham Gold Souls batting - Pitching for Texarkana Bears : RHP Jesús Ortíz
Batting: LHB Jeff Douglas 0-0: Called Strike
0-1: Ball
1-1: Ball
2-1: Ball
3-1: Foul Ball, location: 2F
3-2: Foul Ball, location: 2F
3-2: Ground out 1-3 (Groundball, 13)
Batting: RHB Norm Francis 0-0: Swinging Strike
0-1: Ground out 6-3 (Groundball, 56)
Batting: LHB Juan Salas 0-0: Ball
1-0: Ball
2-0: TRIPLE (Flyball, 8RXD)
Batting: LHB Millard Dye 0-0: Ball
1-0: Ball
2-0: Called Strike
2-1: 2-RUN HOME RUN (Flyball, 9LD), Distance : 364 ft
Pitching: LHP Pierre Dumont
Batting: RHB Jesús Gutiérrez 0-0: Called Strike
0-1: Ball
1-1: Ball
2-1: Ball
3-1: Base on Balls
Pinch Hitting: RHB Willie Houk 0-0: Ball
1-0: Swinging Strike
1-1: Ball
2-1: Foul Ball, location: 2F
2-2: Ball
3-2: Strikes out looking
Top of the 7th over - 2 runs, 2 hits, 0 errors, 1 left on base; Gresham 5 - Texarkana 4
BOTTOM OF THE 7TH
Texarkana Bears batting - Pitching for Gresham Gold Souls : RHP Bartolo Rivera
Now at 1B: Willie Houk
Batting: LHB Sam Barnes 0-0: Ball
1-0: Ball
2-0: Called Strike
2-1: Foul Ball, location: 2F
2-2: Foul Ball, location: 2F
2-2: Ball
3-2: Foul Ball, location: 2F
3-2: Base on Balls
Batting: RHB Roger Rush 0-0: Called Strike
0-1: Foul Ball, location: 2F
0-2: Fly out, F3 (Popup, 3SF)
Batting: LHB Alberto Medine 0-0: Foul Ball, location: 2F
0-1: Grounds into double play, 1-6-3 (Groundball, 13S)
Bottom of the 7th over - 0 runs, 0 hits, 0 errors, 0 left on base; Gresham 5 - Texarkana 4
TOP OF THE 8TH
Gresham Gold Souls batting - Pitching for Texarkana Bears : LHP Pierre Dumont
Batting: RHB Jim Villiers 0-0: Swinging Strike
0-1: Ball
1-1: Foul Ball, location: 2F
1-2: Ball
2-2: Ground out 4-3 (Groundball, 4)
Batting: RHB Alberto Chávez 0-0: Swinging Strike
0-1: Ball
1-1: Fly out, F9 (Flyball, 9S)
Batting: SHB Caleb Hart 0-0: Called Strike
0-1: Ball
1-1: Ball
2-1: SINGLE (Groundball, 6MD)
Pinch Runner at 1st Jermaine Carter:
Pinch Hitting: SHB Francis Shaffer 0-0: Ball
1-0: Fielders Choice at 2nd, 5-4 (Groundball, 56)
Top of the 8th over - 0 runs, 1 hit, 0 errors, 1 left on base; Gresham 5 - Texarkana 4
BOTTOM OF THE 8TH
Texarkana Bears batting - Pitching for Gresham Gold Souls : RHP Bartolo Rivera
Now at 3B: Francis Shaffer
Now in CF: Jermaine Carter
Batting: RHB Eric Green 0-0: Swinging Strike
0-1: Called Strike
0-2: Foul Ball, location: 2F
0-2: Ball
1-2: Strikes out swinging
Batting: LHB Tom Mullins 0-0: Swinging Strike
0-1: SINGLE (Flyball, 8LM)
Pitching: RHP Ramón Marerro
Batting: RHB Darwin Crane 0-0: Called Strike
0-1: Ball
1-1: Ball
2-1: Swinging Strike
2-2: Ball
3-2: Strikes out looking
Pinch Hitting: RHB Billy Campbell 0-0: Ball
1-0: Ball
2-0: DOUBLE (Line Drive, 78D)
Tom Mullins to third
Batting: RHB Michael Thomas 0-0: Reached on error, E7 (Flyball, 7)
Tom Mullins scores
Billy Campbell scores
Batting: RHB Jaime Delgado 0-0: Ball
1-0: Ball
2-0: Swinging Strike
2-1: Ground out 4-3 (Groundball, 4MS)
Bottom of the 8th over - 2 runs, 2 hits, 1 error, 1 left on base; Gresham 5 - Texarkana 6
TOP OF THE 9TH
Gresham Gold Souls batting - Pitching for Texarkana Bears : LHP Pierre Dumont
Now at 1B: Billy Campbell
Batting: RHB Norm Francis 0-0: Swinging Strike
0-1: Foul Ball, location: 2F
0-2: Ball
1-2: Ball
2-2: Foul Ball, location: 2F
2-2: Ball
3-2: Foul Ball, location: 2F
3-2: Strikes out swinging
Batting: LHB Juan Salas 0-0: Hit by Pitch
Batting: LHB Millard Dye 0-0: Called Strike
0-1: Swinging Strike
0-2: Ball
1-2: Ball
2-2: 2-RUN HOME RUN (Flyball, 9LD), Distance : 359 ft
Pitching: RHP Arturo Martínez
Batting: RHB Jesús Gutiérrez 0-0: Ball
1-0: Swinging Strike
1-1: Ball
2-1: Ground out 6-3 (Groundball, 6M)
Batting: RHB Willie Houk 0-0: Called Strike
0-1: Foul Ball, location: 2F
0-2: Strikes out swinging
Top of the 9th over - 2 runs, 1 hit, 0 errors, 0 left on base; Gresham 7 - Texarkana 6
BOTTOM OF THE 9TH
Texarkana Bears batting - Pitching for Gresham Gold Souls : RHP Ramón Marerro
Pitching: LHP Gabriel Rodríguez
Pinch Hitting: RHB Arturo Rodríguez 0-0: Ground out 1-3 (Groundball, 13)
Batting: RHB Roger Rush 0-0: Ground out 5-3 (Groundball, 56S)
Batting: LHB Alberto Medine 0-0: Foul Ball, location: 2F
0-1: Ball
1-1: Ball
2-1: Ball
3-1: Foul Ball, location: 2F
3-2: Foul Ball, location: 2F
3-2: Foul Ball, location: 2F
3-2: Base on Balls
Batting: RHB Eric Green 0-0: Foul Ball, location: 2F
0-1: Ball
1-1: Swinging Strike
1-2: Foul Ball, location: 2F
1-2: Foul Ball, location: 2F
1-2: Ball
2-2: SINGLE (Flyball, 8RM)
Alberto Medine to second
Batting: LHB Tom Mullins 0-0: DOUBLE (Line Drive, 9LM)
Alberto Medine scores
Eric Green to third
Runner from 3rd tries for Home, SAFE, no throw
Saturday, April 7th, 2018 - OOTP Baseball 18.8 Build 76